 Dungeon Crawl Stone Soup version 0.27-a0-538-g15ff5c5295 (webtiles) character file.

Game seed: 3598770592343130912

2192 Frqise the Cleaver (level 9, -6/129 HPs)
             Began as a Minotaur Berserker on Mar 6, 2021.
             Was an Elder of Trog.
             Mangled by a moth of wrath (17 damage)
             ... on level 7 of the Dungeon.
             The game lasted 00:11:04 (8619 turns).

Frqise the Cleaver (Minotaur Berserker)             Turns: 8619, Time: 00:11:05

Health: -6/129     AC: 13    Str: 24    XL:     9   Next: 12%
Magic:  8/8        EV: 10    Int:  4    God:    Trog [****..]
Gold:   330        SH:  0    Dex: 11    Spells: 8/8 levels left

rFire    . . .     SeeInvis +   a - +0 hand axe
rCold    . . .     Faith    .   (no shield)
rNeg     + . .     Spirit   .   i - +3 chain mail {rN+}
rPois    .         Reflect  .   (helmet restricted)
rElec    .         Harm     .   (no cloak)
rCorr    .         Rampage  .   (no gloves)
Will     .....                  (no boots)
Stlth    ..........             (no amulet)
HPRegen  0.31/turn              m - ring of see invisible
MPRegen  0.11/turn              (no ring)

@: berserking, lethally poisoned (-6 -> -8), slowed
A: horns 2, robust 1, retaliatory headbutt
a: Renounce Religion, Berserk, Trog's Hand, Brothers in Arms


You were on level 7 of the Dungeon.
You worshipped Trog.
Trog was greatly pleased with you.
You visited 1 branch of the dungeon, and saw 7 of its levels.

You collected 330 gold pieces.

Inventory:

Hand Weapons
 a - a +0 hand axe (weapon)
Armour
 i - a +3 chain mail of positive energy (worn)
Jewellery
 j - a ring of wizardry
 m - a ring of see invisible (left hand)
 n - a ring of positive energy
Wands
 l - a wand of charming (8)
 o - a wand of polymorph (8)
Scrolls
 b - 2 scrolls of amnesia
 c - 4 scrolls of identify
 e - 2 scrolls of fear
 f - 2 scrolls of acquirement {unknown}
 q - a scroll of blinking {unknown}
Potions
 d - 2 potions of cancellation {unknown}
 g - a potion of heal wounds {unknown}
 h - 6 potions of brilliance
 k - 2 potions of curing
 p - a potion of haste {unknown}


   Skills:
 + Level 7.2 Fighting
 + Level 9.7 Axes
 + Level 7.9 Armour
 + Level 4.9 Dodging
 + Level 1.8 Stealth


You had 8 spell levels left.
You didn't know any spells.
Your spell library was empty.

Dungeon Overview and Level Annotations

Branches:
Dungeon (7/15)             Temple (0/1) D:4

Altars:
Ashenzari
Fedhas
Okawaru
Sif Muna
Uskayaw
Zin

Annotations:
D:7 1 transporter, cavalnite's ghost, novice MiFi


Innate Abilities, Weirdness & Mutations

You have a pair of horns on your head.
You reflexively headbutt those who attack you in melee.
You are robust. (+10% HP)


Message History

You closely miss the hornet. Your headbutt misses the hornet.
The hornet is heavily wounded.
You slash the wyvern! You closely miss the black bear.
The wyvern bites you but does no damage.
The hornet stings you!
You feel yourself slow down. The black bear bites you.
The black bear barely misses you. x2
Unknown command.
You barely miss the hornet. You headbutt the hornet!
The hornet is almost dead.
You closely miss the wyvern. You hit the black bear.
You feel sick. The wyvern bites you!! x2
* * * LOW HITPOINT WARNING * * *
The black bear barely misses you.
The black bear claws you but does no damage.
The black bear closely misses you. The hornet stings you.
* * * LOW HITPOINT WARNING * * *
You feel as though you will be slow longer.
You closely miss the hornet.
The hornet is almost dead.
Your chain mail prevents you from hitting the wyvern.
You slash the black bear!
You feel sick. The wyvern barely misses you. You furiously retaliate!
You headbutt the wyvern!
You kill the wyvern!
Trog accepts your kill. The black bear closely misses you.
You furiously retaliate!
You headbutt the black bear! The black bear claws you.
* * * LOW HITPOINT WARNING * * *
The black bear claws you but does no damage.
The hornet barely misses you.
Okay, then.
You are too berserk!
You miss the hornet.
The hornet is almost dead.
You closely miss the moth of wrath. You closely miss the black bear.
The black bear barely misses you. You furiously retaliate!
You headbutt the black bear!
You kill the black bear!
Trog accepts your kill. The hornet closely misses you.
The moth of wrath bites you!
You die...

#. ## ## .## .###. .# ..#
#©..... ##.# ...#.#..#.# #
..#.#..#.# ##.#.$...##.#
#.#...#.$#..## .#...#y.WY#©..#
#
##########.##..†@y#(#...##...#
.##........©#.#...#.##..##...#
..#........##..##.#. #..##...#
.<#........#...#...#.#.......#
..#........##....#..##..##...#
.##.........## .....#...##...##
.##.......#..#####.##.........#
.#...............###..........#
.##...........................#


You could see a moth of wrath, a hornet, an ice beast and cavalnite's ghost.

Vanquished Creatures
  Joseph (D:7)
  A wyvern (D:7)
  Edmund (D:6)
  An orc warrior (D:6)
  A black bear (D:7)
  An ogre (D:5)
  A sky beast (D:6)
  2 phantoms (D:7)
  2 centaurs (D:6)
  3 bullfrogs
  A wyvern zombie (D:6)
  A bullfrog zombie (D:5)
  2 orc priests
  6 hounds
  6 orc wizards
  Robin (D:3)
  A gnoll (D:7)
  12 adders
  A white imp (D:5)
  An ufetubus (D:6)
  2 oozes
  An adder skeleton (D:4)
  4 worms
  2 dart slugs
  6 leopard geckos
  17 orcs
  3 ball pythons
  13 bats
  5 giant cockroaches
  17 goblins
  10 hobgoblins
  10 jackals
  4 kobolds
  2 quokkas (D:6)
  5 frilled lizards
  8 rats
155 creatures vanquished.

Vanquished Creatures (collateral kills)
  A gnoll shaman (D:7)
  An iguana (D:7)
  4 gnolls (D:7)
6 creatures vanquished.

Grand Total: 161 creatures vanquished

Notes
Turn   | Place    | Note
-------+----------+-------------------------------------------
     0 | D:1      | Frqise the Minotaur Berserker began the quest for the Orb.
     0 | D:1      | Reached XP level 1. HP: 19/19 MP: 0/0
    49 | D:1      | Reached XP level 2. HP: 24/27 MP: 1/1
    89 | D:1      | Reached skill level 4 in Axes
   739 | D:1      | Reached ** piety under Trog
   920 | D:2      | Reached XP level 3. HP: 27/33 MP: 2/2
  1785 | D:2      | Reached XP level 4. HP: 41/41 MP: 3/3
  2128 | D:3      | Noticed Robin
  2149 | D:3      | Killed Robin
  2150 | D:3      | Reached skill level 5 in Axes
  2880 | D:3      | Gained mutation: You are weak. (Str -2) [potion of
                  | mutation]
  2880 | D:3      | Gained mutation: You are robust. (+10% HP) [potion of
                  | mutation]
  2880 | D:3      | Lost mutation: You are weak. (Str -2) [potion of mutation]
  3314 | D:3      | Reached XP level 5. HP: 48/51 MP: 4/4
  3316 | D:3      | Reached *** piety under Trog
  3580 | D:3      | Found a glowing silver altar of Zin.
  4011 | D:4      | Found a hide-covered altar of Uskayaw.
  4011 | D:4      | Found a broken altar of Ashenzari.
  4011 | D:4      | Found a blossoming altar of Fedhas.
  4011 | D:4      | Found an iron altar of Okawaru.
  4183 | D:4      | Found a staircase to the Ecumenical Temple.
  4203 | D:4      | Reached skill level 5 in Fighting
  4203 | D:4      | Reached skill level 6 in Axes
  4203 | D:4      | Reached skill level 1 in Stealth
  4345 | D:4      | Reached XP level 6. HP: 61/61 MP: 5/5
  4649 | D:4      | Found a shimmering blue altar of Sif Muna.
  5291 | D:5      | Entered Level 5 of the Dungeon
  5542 | D:5      | Reached XP level 7. HP: 27/67 MP: 6/6
  6092 | D:5      | Reached skill level 7 in Axes
  6914 | D:6      | Noticed Edmund
  6930 | D:6      | Killed Edmund
  6931 | D:6      | Reached skill level 5 in Armour
  7122 | D:6      | Reached XP level 8. HP: 77/77 MP: 7/7
  7161 | D:6      | Reached **** piety under Trog
  7213 | D:6      | Reached skill level 8 in Axes
  8294 | D:7      | Noticed Joseph
  8313 | D:7      | Killed Joseph
  8314 | D:7      | Reached skill level 9 in Axes
  8546 | D:7      | Noticed a moth of wrath
  8555 | D:7      | Found a transporter.
  8564 | D:7      | Reached XP level 9. HP: 78/86 MP: 8/8
  8602 | D:7      | Noticed cavalnite's ghost (novice MiFi)
  8606 | D:7      | Found a transporter.
  8609 | D:7      | Paralysed by a hornet for 2 turns
  8619 | D:7      | Mangled by a moth of wrath

Illustrated notes

Levels and vault maps discovered:
D:1:      psy_arrival_statuary, layout_rooms, chequers_serial_rivers_micro_d
D:2:      layout_rooms, nrook_mini_vaults
D:3:      layout_loops_cross, lemuel_coloured_pillars_altar, uniq_robin
D:4:      layout_rooms, led_sif_book,
          chequers_temple_overflow_statue_of_worship, minmay_temple_entry_glass,
          kennysheep_boxes
D:5:      layout_rooms
D:6:      layout_gridville, uniq_edmund
D:7:      layout_gridville, gammafunk_ghost_berserking_beasts, uniq_joseph

Skill      XL: |  1  2  3  4  5  6  7  8 |
---------------+-------------------------+-----
Axes           | 4 5 6 7 9 |  9.7
Fighting       | 4 5 7 |  7.2
Dodging        | 3 4 |  4.9
Stealth        | 1 |  1.8
Armour         | 3 5 7 |  7.9

Action                   |  1- 3 |  4- 6 |  7- 9 || total
-------------------------+-------+-------+-------++-------
Melee: Hand axe          |    84 |   154 |   161 ||   399
       Headbutt          |     9 |    23 |    45 ||    77
Invok: Berserk           |       |     1 |     5 ||     6
       Brothers in Arms  |       |       |     1 ||     1
  Use: Scroll            |       |     7 |       ||     7
       Potion            |       |     5 |       ||     5
Armor: Animal skin       |    12 |       |       ||    12
       Ring mail         |       |    18 |       ||    18
       Chain mail        |       |    29 |    97 ||   126
Dodge: Dodged            |    74 |    85 |    93 ||   252

Table legend: (Time is in decaauts)
 A = Elapsed time spent in this place.
 B = Non-inter-level travel time spent in this place.
 C = Inter-level travel time spent in this place.
 D = Time resting spent in this place.
 E = Time spent auto-exploring this place.
 F = Levels seen in this place.
 G = Mean time per level.
                   A        B        C        D        E       F      G
               +--------+--------+--------+--------+--------+-----+--------+
         Total |   8650 |   8550 |    100 |   4342 |   3029 |   7 | 1235.7 |
       Dungeon |   8650 |   8550 |    100 |   4342 |   3029 |   7 | 1235.7 |
               +--------+--------+--------+--------+--------+-----+--------+

Top non-repeatable levels by time:
     D:3: 2059 daAuts
     D:6: 1435 daAuts
     D:4: 1280 daAuts
     D:5: 1092 daAuts
     D:2: 1057 daAuts
     D:1: 914 daAuts
     D:7: 811 daAuts
